 Dungeon Crawl Stone Soup version 0.22.1-1-ga44c0e5 (webtiles) character file.

6181 aMcNicky the Fighter (level 10, -13/84 HPs)
             Began as a Hill Orc Monk on Oct 6, 2018.
             Was an Elder of Hepliaklqana.
             Killed from afar by Erica (23 damage)
             ... with a bolt of poison
             ... on level 8 of the Dungeon.
             The game lasted 00:34:12 (10481 turns).

aMcNicky the Fighter (Hill Orc Monk)               Turns: 10481, Time: 00:34:13

Health: -13/84     AC: 10    Str: 19    XL:     10   Next: 91%
Magic:  13/17      EV:  8    Int: 10    God:    Hepliaklqana [****..]
Gold:   447        SH:  0    Dex: 14    Spells: 9/9 levels left

rFire    + . .     SeeInvis .   r - +1 spear (venom)
rCold    + + .     Gourm    .   (no shield)
rNeg     . . .     Faith    .   g - +0 chain mail
rPois    .         Spirit   .   t - +1 hat
rElec    .         Reflect  .   (no cloak)
rCorr    .         Harm     .   (no gloves)
MR       .....                  (no boots)
Stlth    ..........             (no amulet)
HPRegen  0.24/turn              e - ring of protection from cold
MPRegen  0.15/turn              (no ring)

@: lethally poisoned (-13 -> -19)
A: reduced essence, cold resistance 1, fire resistance 1, screaming 1, strong 1
a: Recall Ancestor, Ancestor Identity, Transference, Idealise, Renounce Religion


You were on level 8 of the Dungeon.
You worshipped Hepliaklqana.
Hepliaklqana was greatly pleased with you.
You were not hungry.

You visited 1 branch of the dungeon, and saw 8 of its levels.

You collected 447 gold pieces.

Inventory:

Hand Weapons
 a - a +0 hand axe
 i - a +0 spear
 r - a +1 spear of venom (weapon)
Missiles
 d - 197 stones (quivered)
Armour
 b - a +0 robe
 g - a +0 chain mail (worn)
 o - a +0 leather armour
 t - a +1 hat (worn)
Jewellery
 e - a ring of protection from cold (left hand)
Wands
 q - a wand of polymorph (28)
Scrolls
 f - 2 scrolls of amnesia
 j - 4 scrolls of fear
 k - 2 scrolls of teleportation
 l - a scroll of enchant armour
 m - 3 scrolls of remove curse {@r2}
 n - 2 scrolls of enchant weapon {unknown}
 s - a scroll of fog
 u - 2 scrolls of identify {@r1}
 x - 2 scrolls of blinking {unknown}
 y - a scroll of magic mapping {unknown}
 A - 2 scrolls of immolation {unknown}
 B - a scroll of random uselessness {unknown}
Potions
 h - a potion of brilliance
 p - a potion of magic
 v - a potion of flight
 w - a potion of mutation
Comestibles
 c - 12 rations
 z - 7 chunks of flesh


   Skills:
 + Level 10.7 Fighting
 - Level 5.1(9.4) Axes
 + Level 10.2(10.5) Polearms
 + Level 5.4 Armour
 - Level 2.4 Dodging
 - Level 1.5 Stealth
 + Level 10.5 Invocations


You had 9 spell levels left.
You didn't know any spells.
Your spell library was empty.

Dungeon Overview and Level Annotations

Branches:
Dungeon (8/15)             Temple (0/1) D:5
   Lair: D:8-11

Altars:
Ashenzari
Gozag
Hepliaklqana
Qazlal
Ru
Uskayaw
Xom
Zin

Annotations:
D:8 Erica


Innate Abilities, Weirdness & Mutations

Your life essence is reduced to manifest your ancestor. (-10% HP)
Your flesh is cold resistant. (rC+)
Your flesh is heat resistant. (rF+)
You occasionally shout uncontrollably at your foes.
Your muscles are strong. (Str +2)


Message History

Erica is lightly wounded.
Erica points at you and mumbles some strange words.
The orb of energy hits you!
The orb of energy explodes!
You barely miss Erica.
Erica is lightly wounded.
Cashile misses Erica.
You barely miss Erica.
Erica is lightly wounded.
Erica hits you with a scimitar of flaming!
Erica burns you.
You swap places.
Cashile hits Erica with a flail!
Erica gestures at you while chanting. The orb of energy hits you!
* * * LOW HITPOINT WARNING * * *
The orb of energy explodes!
The mystic blast hits Cashile.
Cashile hits Erica with a flail!
Erica casts a spell at you. The bolt of poison hits you!
You are poisoned.
You die...

#.........#
#.........#####
##............####
#................##
#.........##.<....####
#.........##.........##
#.........###......#..###
#........<#####.........##
##.......@.#....#R.#......
##.............##........
####..@R.......#####....
#...........# #####
#...........## #
##...........#######
##...#...##.......##
###.######.#####... #.#
#..# ####


You could see the friendly Cashile the knight and Erica.

Vanquished Creatures
  A queen ant (D:8)
  Pikel (D:4)
  A deep elf mage (D:7)
  A hippogriff (D:8)
  6 soldier ants
  A phantom (D:4)
  An ogre (D:5)
  An orc warrior (D:6)
  3 centaurs (D:5)
  2 bullfrogs
  A wyvern skeleton (D:6)
  A scorpion (D:5)
  A vampire bat (D:3)
  A howler monkey (D:7)
  A crimson imp (D:5)
  A quasit (D:7)
  A bullfrog zombie (D:8)
  4 hounds
  A centaur skeleton (D:5)
  An iguana (D:5)
  19 worker ants
  4 orc wizards
  A knight (D:7)
  A hound skeleton (D:8)
  A gnoll (D:4)
  9 adders
  A shadow imp (D:5)
  2 oozes
  A dart slug (D:1)
  A fire bat (D:3)
  3 leopard geckos
  12 orcs
  4 giant cockroaches
  6 goblins
  5 hobgoblins
  3 jackals
  3 kobolds
  4 quokkas
  9 bats
  4 frilled lizards
  7 rats
131 creatures vanquished.

Vanquished Creatures (collateral kills)
  A hippogriff (D:7)
  A soldier ant (D:8)
  2 sky beasts
  An orc warrior (D:6)
  An ice beast (D:8)
  An eye of draining (D:8)
  An ogre (D:5)
  2 phantoms
  A centaur (D:7)
  2 bullfrogs
  A jelly (D:5)
  A scorpion (D:4)
  A howler monkey (D:5)
  3 crimson imps
  A bullfrog zombie (D:7)
  An orc priest (D:6)
  A centaur skeleton (D:5)
  3 hounds
  Jessica (D:3)
  9 worker ants
  4 gnolls (D:4)
  6 adders
  5 bats (D:3)
  An ooze (D:2)
  An adder skeleton (D:3)
  4 worms
  2 dart slugs
  2 fire bats (D:3)
  13 orcs
  2 spectral bats (D:3)
  3 bat skeletons (D:3)
  A bat zombie (D:3)
  3 goblins
  A jackal (D:6)
  4 kobolds
  2 quokkas
  A bat simulacrum (D:3)
  A rat (D:2)
91 creatures vanquished.

Vanquished Creatures (others)
  A slave (D:4)
  A sky beast (D:4)
  2 knights
  2 gnolls (D:4)
  A leopard gecko (D:4)
  A giant cockroach (D:4)
8 creatures vanquished.

Grand Total: 230 creatures vanquished

Notes
Turn   | Place    | Note
-------+----------+-------------------------------------------
     0 | D:1      | aMcNicky the Hill Orc Monk began the quest for the Orb.
     0 | D:1      | Reached XP level 1. HP: 19/19 MP: 1/1
    81 | D:1      | Reached XP level 2. HP: 25/27 MP: 2/2
   765 | D:1      | Reached XP level 3. HP: 29/34 MP: 3/3
   924 | D:2      | Found a shimmering altar of Xom.
   925 | D:2      | Found a hazy altar of Hepliaklqana.
   926 | D:2      | Noticed a spectral ugly thing
   929 | D:2      | Became a worshipper of Hepliaklqana the Forgotten
   929 | D:2      | Reached * piety under Hepliaklqana
   929 | D:2      | Reached ** piety under Hepliaklqana
   930 | D:2      | Remembered your ancestor Cashile as a knight
  1068 | D:2      | Noticed a water elemental
  1069 | D:2      | Found a stormy altar of Qazlal.
  1074 | D:2      | Noticed a fire elemental
  1074 | D:2      | Noticed an earth elemental
  1074 | D:2      | Noticed an air elemental
  1078 | D:2      | Reached skill level 5 in Axes
  1081 | D:2      | Gained mutation: Your muscles are strong. (Str +2) [potion
                  | of mutation]
  1081 | D:2      | Gained mutation: You occasionally shout uncontrollably at
                  | your foes. [potion of mutation]
  1081 | D:2      | Gained mutation: Your flesh is cold resistant. (rC+)
                  | [potion of mutation]
  1081 | D:2      | Gained mutation: You evolve. [potion of mutation]
  1512 | D:2      | Reached skill level 1 in Invocations
  1669 | D:2      | Reached XP level 4. HP: 36/36 MP: 4/4
  2129 | D:3      | Gained mutation: Your flesh is heat resistant. (rF+)
                  | [evolution]
  2201 | D:3      | Reached skill level 1 in Polearms
  2240 | D:3      | Noticed Jessica
  2248 | D:3      | Killed Jessica
  2313 | D:3      | Reached XP level 5. HP: 42/42 MP: 6/6
  2384 | D:3      | Reached skill level 5 in Fighting
  2459 | D:3      | Reached XP level 6. HP: 45/50 MP: 6/8
  3240 | D:4      | Noticed Pikel
  3240 | D:4      | Noticed a slave
  3240 | D:4      | Noticed a slave
  3240 | D:4      | Noticed a slave
  3241 | D:4      | Noticed a slave
  3274 | D:4      | Killed Pikel
  3274 | D:4      | Reached skill level 5 in Polearms
  3274 | D:4      | Reached XP level 7. HP: 57/57 MP: 8/10
  3410 | D:4      | Reached skill level 5 in Invocations
  3464 | D:4      | Reached *** piety under Hepliaklqana
  3472 | D:4      | Found a sacrificial altar of Ru.
  3480 | D:4      | Reached XP level 8. HP: 63/63 MP: 11/11
  4359 | D:5      | Entered Level 5 of the Dungeon
  4668 | D:5      | Lost mutation: You evolve. [evolution]
  5208 | D:5      | Found a staircase to the Ecumenical Temple.
  5407 | D:5      | Reached XP level 9. HP: 57/72 MP: 14/14
  5834 | D:6      | Reached **** piety under Hepliaklqana
  6152 | D:6      | Found a hide-covered altar of Uskayaw.
  7044 | D:7      | Reached skill level 1 in Armour
  7686 | D:7      | Found an opulent altar of Gozag.
  7686 | D:7      | Found a glowing silver altar of Zin.
  7745 | D:7      | Noticed a deep elf mage
  7752 | D:7      | Killed a deep elf mage
  7752 | D:7      | Reached XP level 10. HP: 22/82 MP: 16/16
  8347 | D:8      | Noticed Erica
  9121 | D:8      | Reached skill level 10 in Fighting
  9167 | D:8      | Found a shattered altar of Ashenzari.
  9351 | D:8      | Noticed a queen ant
  9703 | D:8      | Reached skill level 10 in Invocations
 10303 | D:8      | Killed a queen ant
 10303 | D:8      | Reached skill level 10 in Polearms
 10303 | D:8      | Reached skill level 5 in Armour
 10481 | D:8      | Killed from afar by Erica

Skill      XL: |  1  2  3  4  5  6  7  8  9 10 |
---------------+-------------------------------+-----
Fighting       | 4 5 6 7 9 10 | 10.7
Axes           | 5 |  5.1
Invocations    | 1 2 3 4 5 6 9 10 | 10.5
Polearms       | 1 3 5 8 9 10 | 10.2
Armour         | 3 5 |  5.4
Dodging        | |  2.4
Stealth        | |  1.5

Action                   |  1- 3 |  4- 6 |  7- 9 | 10-12 || total
-------------------------+-------+-------+-------+-------++-------
Melee: Hand axe          |   100 |       |       |       ||   100
       Spear             |     2 |   137 |   326 |   211 ||   676
Throw: Stone             |    26 |       |       |       ||    26
Invok: Ancestor Life: Kn |     1 |       |       |       ||     1
       Recall Ancestor   |       |       |     1 |     5 ||     6
       Idealise          |       |       |       |     1 ||     1
Evoke: Wand              |       |       |     3 |     1 ||     4
  Use: Potion            |     4 |       |       |       ||     4
       Scroll            |       |       |    10 |     3 ||    13
 Stab: Sleeping          |     2 |     2 |     2 |       ||     6
       Distracted        |       |       |       |     1 ||     1
  Eat: Chunk             |     2 |     5 |    12 |     2 ||    21
       Ration            |       |       |     1 |     2 ||     3
Armor: Robe              |     8 |     2 |       |       ||    10
       Skin              |     3 |       |       |       ||     3
       Leather armour    |       |    40 |    11 |       ||    51
       Chain mail        |       |       |    20 |    65 ||    85
Dodge: Dodged            |    63 |    79 |    71 |    39 ||   252
